 Dungeon Crawl Stone Soup version 0.28-a0-1387-g3a22ab9bdc (webtiles) character file.

Game seed: 5747239904669032067

4 croobank the Grave Robber (level 1, 0/13 HPs)
             Began as a Human Necromancer on Jan 2, 2022.
             Slain by a hobgoblin (3 damage)
             ... on level 1 of the Dungeon.
             The game lasted 00:01:12 (332 turns).

croobank the Grave Robber (Human Necromancer)        Turns: 332, Time: 00:01:12

Health: 0/13       AC:  3    Str:  8    XL:     1   Next: 77%
Magic:  0/3        EV: 11    Int: 15    God:
Gold:   15         SH:  0    Dex: 13    Spells: 3/4 levels left

rFire   . . .      SeeInvis .   (no weapon)
rCold   . . .      Faith    .   (no shield)
rNeg    . . .      Spirit   .   c - +0 leather armour
rPois   .          Reflect  .   (no helmet)
rElec   .          Harm     .   (no cloak)
rCorr   .          Rampage  .   (no gloves)
Will    .....                   (no boots)
Stlth   ++........              (no amulet)
HPRegen 0.04/turn               (no ring)
MPRegen 0.08/turn               (no ring)

@: no status effects
A: no striking features
a: no special abilities


You were on level 1 of the Dungeon.
You visited 1 branch of the dungeon, and saw 1 of its levels.

You collected 15 gold pieces.

Inventory:

Missiles
 b - 20 sling bullets
Armour
 a - a +0 robe
 c - a +0 leather armour (worn)
Scrolls
 d - a scroll of fear {unknown}


   Skills:
 + Level 2.1 Dodging
 + Level 2.1 Stealth
 + Level 2.0 Spellcasting
 + Level 4.0 Necromancy


You had 3 spell levels left.
You knew the following spells:

 Your Spells              Type           Power      Damage    Failure   Level
a - Pain                  Necr           52%        1d6       6%          1

Your spell library contained the following spells:

 Spells                   Type           Power      Damage    Failure   Level
 Animate Skeleton         Necr           26%        N/A       6%          1
 Vampiric Draining        Necr           13%        2d6       19%         3
 Animate Dead             Necr           6%         N/A       52%         4
 Agony                    Necr           13%        N/A       86%         5


Dungeon Overview and Level Annotations

Branches:
Dungeon (1/15)

Altars:


Message History

The ball python closely misses you.
Casting: Pain (safe; 6% risk of failure)
Confirm with . or Enter, or press ? or * to list all spells.
Aiming: Pain (safe; 6% risk of failure)
Press: ? - help, Shift-Dir - straight line, f/p - ball python
Aim: a ball python (chance to affect: 83%)
The ball python writhes in agony.
You kill the ball python!
The kobold throws a stone.
The stone misses you.
A frilled lizard comes into view.
Found 13 bolts.
A rat comes into view.
A hobgoblin comes into view.
The hobgoblin shouts!
The rat barely misses you.
You hit the rat but do no damage. The quokka closely misses you.
The rat barely misses you.
You closely miss the rat. The quokka misses you.
The rat bites you but does no damage. The quokka barely misses you.
The rat bites you. The quokka barely misses you. x2
You hit the hobgoblin.
The hobgoblin is moderately wounded.
The hobgoblin hits you.
You hit the hobgoblin but do no damage.
The hobgoblin is moderately wounded.
The hobgoblin closely misses you.
You hit the hobgoblin.
The hobgoblin is heavily wounded.
The hobgoblin barely misses you.
You closely miss the hobgoblin.
The hobgoblin is heavily wounded.
The hobgoblin hits you.
Casting: Pain (safe; 6% risk of failure)
Confirm with . or Enter, or press ? or * to list all spells.
Aiming: Pain (safe; 6% risk of failure)
Press: ? - help, Shift-Dir - straight line, f - hobgoblin
Aim: a hobgoblin (heavily wounded, chance to affect: 83%)
The hobgoblin writhes in agony.
The hobgoblin hits you.
You die...

#.... .###...##
####..## ........
.##....# #####.#.#.###
.##.#..# #............
.#..#..#####.........#
...#.................#
.....#.#####.K..r....#
.....#r## ###.#g#....#
..†..#..# ###.#@# ...#
>..#.#..####...#(#. ..#
...#......K...........#
.#.##...#####.##.#... #
....#....# #.##.#...
....##.... #.#..# ..
.... #...# ...... ..#
....# ...... .# .##...
....


You could see a quokka and a hobgoblin.

Vanquished Creatures
  A dart slug (D:1)
  A ball python (D:1)
  A frilled lizard (D:1)
  A rat (D:1)
4 creatures vanquished.

Notes
Turn   | Place    | Note
-------+----------+-------------------------------------------
     0 | D:1      | croobank the Human Necromancer began the quest for the Orb.
     0 | D:1      | Reached XP level 1. HP: 13/13 MP: 3/3
   332 | D:1      | Slain by a hobgoblin

Illustrated notes

Levels and vault maps discovered:
D:1:      dpeg_arrival_fog, layout_rooms, hellmonk_ecumenical_altar_watching_god

Action                   || total
-------------------------++-------
Melee: Unarmed           ||    21
 Cast: Pain              ||     8
Armor: Leather armour    ||     6
Dodge: Dodged            ||    20

Table legend: (Time is in decaauts)
 A = Elapsed time spent in this place.
 B = Non-inter-level travel time spent in this place.
 C = Inter-level travel time spent in this place.
 D = Time resting spent in this place.
 E = Time spent auto-exploring this place.
 F = Levels seen in this place.
 G = Mean time per level.
                   A        B        C        D        E       F      G
               +--------+--------+--------+--------+--------+-----+--------+
         Total |    332 |    332 |      0 |    197 |     58 |   1 |  332.0 |
       Dungeon |    332 |    332 |      0 |    197 |     58 |   1 |  332.0 |
               +--------+--------+--------+--------+--------+-----+--------+

Top non-repeatable levels by time:
     D:1: 332 daAuts
